 Dungeon Crawl Stone Soup version 0.14-a0-1590-g25a9b7f (webtiles) character file.

3103 ReteAZ the Basher (level 9, 0/93 HPs)
             Began as an Ogre Arcane Marksman on Dec 23, 2013.
             Was an Initiate of Okawaru.
             Slain by Grum
             ... wielding a +0,+0 glaive
              (27 damage)
             ... on Level 8 of the Dungeon.
             The game lasted 00:56:29 (10522 turns).

ReteAZ the Basher (Ogre Arcane Marksman)           Turns: 10522, Time: 00:56:30

HP   0/93        AC  5     Str 20      XL: 9   Next: 68%
MP  26/26        EV 11     Int 12      God: Okawaru [......]
Gold 357         SH  0     Dex 10      Spells:  2 memorised, 11 levels left

rFire  . . .     SeeInvis +     c - +1 giant spiked club
rCold  . . .     Clarity  .     D - +0 elf robe
rNeg   . . .     Conserve .     (shield restricted)
rPois  .         rCorr    .     (helmet restricted)
rElec  .         rRot     .     q - +1 cloak
SustAb . .       Spirit   .     (gloves unavailable)
rMut   .         Warding  .     (boots unavailable)
Gourm  +         Stasis   .     v - amulet of the gourmand
                                J - ring of see invisible
                                e - ring of magical power

@: somewhat resistant to hostile enchantments, unstealthy
A: unfitting armour, fast metabolism 1, saprovore 1, tough skin 1
a: Renounce Religion


You were on level 8 of the Dungeon.
You worshipped Okawaru.
Okawaru was noncommittal.
You were not hungry.

You visited 2 branches of the dungeon, and saw 9 of its levels.

You collected 357 gold pieces.

Inventory:

Hand weapons
 c - a +1,+1 giant spiked club (weapon)
Missiles
 g - 34 stones (quivered)
 M - 2 large rocks
Armour
 m - a +0 ice dragon hide
 q - a +1 cloak (worn)
 D - a +0 elven robe (worn)
Magical devices
 w - a wand of disintegration (11)
 y - a wand of digging (5)
 K - a wand of slowing (8)
Comestibles
 f - 5 meat rations
 h - 3 apples
 i - 6 sultanas
 l - 6 chokos
 z - a royal jelly
 A - 3 bread rations
 F - a sausage
Scrolls
 b - a scroll of fear
 j - a scroll of teleportation
 n - a scroll of magic mapping
 o - 2 scrolls of immolation
 p - 3 scrolls of curse armour
 r - 4 scrolls of remove curse
Jewellery
 e - a ring of magical power (left hand)
 k - an uncursed ring of magical power
 v - an amulet of the gourmand (around neck)
 G - an uncursed amulet of resist mutation
 J - a ring of see invisible (right hand)
Potions
 s - a potion of resistance
 x - 2 potions of agility
 E - a potion of might
 L - 2 potions of restore abilities
Books
 a - a book of Enchantments

   Spells                             Type                      Level
   Cause Fear                         Hexes                        4
   Silence                            Hexes/Air                    5
   Tukima's Dance                     Hexes                        5
   Deflect Missiles                   Charms/Air                   6
   Haste                              Charms                       6
   Discord                            Hexes                        8
 d - a book of Debilitation

   Spells                             Type                      Level
   *Corona                            Hexes                        1
   *Slow                              Hexes                        2
   Inner Flame                        Hexes/Fire                   3
   Enslavement                        Hexes                        4
   Cause Fear                         Hexes                        4
   Leda's Liquefaction                Hexes/Earth                  4
 u - a book of Power

   Spells                             Type                      Level
   Iskenderun's Mystic Blast          Conjuration                  4
   Venom Bolt                         Conjuration/Poison           5
   Bolt of Magma                      Conjuration/Fire/Earth       5
   Fulminant Prism                    Conjuration/Hexes            5
   Iron Shot                          Conjuration/Earth            6
   Orb of Destruction                 Conjuration                  7
 N - a book of Power

   Spells                             Type                      Level
   Iskenderun's Mystic Blast          Conjuration                  4
   Venom Bolt                         Conjuration/Poison           5
   Bolt of Magma                      Conjuration/Fire/Earth       5
   Fulminant Prism                    Conjuration/Hexes            5
   Iron Shot                          Conjuration/Earth            6
   Orb of Destruction                 Conjuration                  7
 Q - a book of Envenomations

   Spells                             Type                      Level
   Spider Form                        Transmutation/Poison         3
   Poison Weapon                      Charms/Poison                3
   Summon Scorpions                   Summoning/Poison             4
   Olgreb's Toxic Radiance            Poison                       4
   Poisonous Cloud                    Conjuration/Poison/Air       6


   Skills:
 - Level 7.0 Fighting
 * Level 12.4 Maces & Flails
 - Level 2.1 Throwing
 + Level 0.0 Armour
 - Level 5.0 Dodging
 - Level 3.0 Spellcasting
 - Level 3.0 Hexes


You had 11 spell levels left.
You knew the following spells:

 Your Spells              Type           Power        Failure   Level  Hunger
a - Corona                Hex            #......      10%         1    #......
b - Slow                  Hex            #.......     12%         2    ##.....


Dungeon Overview and Level Annotations

Branches:
Dungeon (8/16)             Temple (1/1) D:6
   Lair: D:8-11

Altars:
Ashenzari
Cheibriados
Elyvilon
Fedhas
Kikubaaqudgha
Makhleb
Nemelex Xobeh
Okawaru
Sif Muna
Trog
Vehumet
Xom
Yredelemnul
Zin
the Shining One

Shops:
D:5 }

Annotations:
D:2 Sigmund
D:4 Grinder
D:8 Grum


Innate Abilities, Weirdness & Mutations

You are too large for most types of armour.
You have a fast metabolism.
You can tolerate rotten meat.
You have tough skin (AC +1).


Message History

You barely miss the wolf. The wolf closely misses you. The wolf bites you.
The wolf bites you. The wolf closely misses you. The wolf misses you.
The wolf bites you! The wolf barely misses you.
The wolf bites you but does no damage. The wolf bites you.
You closely miss the wolf. The wolf bites you.
The wolf bites you but does no damage. The wolf bites you!
The wolf closely misses you.
You impale the wolf!!
The wolf is almost dead.
The wolf bites you. The wolf barely misses you. Grum closely misses you.
The wolf barely misses you.
You miss the wolf.
The wolf is almost dead.
The wolf bites you.
* * * LOW HITPOINT WARNING * * *
The wolf barely misses you. Grum hits you from afar with a glaive!
You die...

..## ##....##....###
.##
##....##.....####### ##
###....##....####....#
#.....##.....####....#
##....###...####.....##
##.....#.....####.....#
#....###...g###.....###
#...##...hh.###.....#
#....#[..@###....>###
##........#.......#
#......###...>.###
###.....#....####
###...#.......#
#....###.....#
#...#####...########
#....##.......#.)<.###
##...##......(#......#


You could see Grum and 2 wolves.

Vanquished Creatures
  Menkaure (D:4)
  An orc warrior (D:6)
  A phantom (D:6)
  3 ogres
  5 centaurs
  Duvessa (D:4)
  A giant frog (D:7)
  Blork the orc (D:5)
  10 killer bees
  A centaur zombie (D:7)
  Dowan (D:4)
  4 crimson imps (D:6)
  A giant frog zombie (D:6)
  2 goliath beetles (D:7)
  3 hounds
  A jelly (D:5)
  A giant frog skeleton (D:6)
  An orc priest (D:6)
  2 orc wizards
  2 iguanas
  2 scorpions
  6 worker ants
  A crocodile zombie (D:8)
  Ijyb (D:5)
  A giant centipede (D:6)
  5 adders
  2 giant mites
  2 worms
  An iguana skeleton (D:5)
  An adder zombie (D:7)
  2 giant eyeballs
  3 giant geckos
  2 oozes
  11 orcs
  11 bats
  3 bat skeletons
  9 goblins
  6 hobgoblins
  6 kobolds
  4 quokkas
  2 ball pythons
  6 giant cockroaches
  4 giant newts
  A giant newt skeleton (D:4)
  A goblin skeleton (D:5)
  A hobgoblin skeleton (D:5)
  7 jackals
  5 rats
  A rat zombie (D:5)
  3 ballistomycetes (D:8)
  A fungus (D:7)
154 creatures vanquished.

Vanquished Creatures (others)
  A giant cockroach (D:4)
  A giant spore (D:8)
2 creatures vanquished.

Grand Total: 156 creatures vanquished

Notes
Turn   | Place    | Note
--------------------------------------------------------------
     0 | D:1      | ReteAZ, the Ogre Arcane Marksman, began the quest for the Orb.
     0 | D:1      | Reached XP level 1. HP: 19/19 MP: 2/2
   152 | D:1      | Reached XP level 2. HP: 21/27 MP: 3/3
   780 | D:2      | Noticed Sigmund
   973 | D:2      | Reached XP level 3. HP: 28/33 MP: 6/6
  1532 | D:3      | Reached skill level 3 in Spellcasting
  1539 | D:3      | Learned a level 2 spell: Slow
  2029 | D:3      | Reached XP level 4. HP: 36/41 MP: 9/9
  2751 | D:4      | Noticed Duvessa
  2751 | D:4      | Noticed Dowan
  2762 | D:4      | Killed Duvessa
  2762 | D:4      | Reached XP level 5. HP: 41/53 MP: 7/11
  2774 | D:4      | Killed Dowan
  2898 | D:4      | Noticed Menkaure
  2902 | D:4      | Killed Menkaure
  2902 | D:4      | Reached skill level 4 in Fighting
  2902 | D:4      | Reached XP level 6. HP: 61/63 MP: 12/12
  3130 | D:5      | Entered Level 5 of the Dungeon
  3130 | D:5      | Noticed Blork the orc
  3162 | D:5      | Noticed Grinder
  3204 | D:4      | HP: 1/65 [hound (5)]
  3225 | D:4      | Reached skill level 5 in Fighting
  3513 | D:5      | Found Keidig's Gadget Shoppe.
  3844 | D:5      | Noticed Ijyb
  3851 | D:5      | Killed Ijyb
  3864 | D:5      | Reached XP level 7. HP: 31/72 MP: 14/14
  3883 | D:5      | Reached skill level 6 in Fighting
  4963 | D:5      | Reached skill level 1 in Maces & Flails
  4982 | D:4      | Paralysed by Grinder for 5 turns
  5329 | D:5      | Found a glowing silver altar of Zin.
  5405 | D:5      | Found a sparkling altar of Nemelex Xobeh.
  5405 | D:5      | Found an iron altar of Okawaru.
  5407 | D:5      | Found a basalt altar of Yredelemnul.
  5407 | D:5      | Found a deep blue altar of Sif Muna.
  5434 | D:5      | Reached skill level 7 in Fighting
  5434 | D:5      | Reached skill level 5 in Dodging
  5477 | D:5      | Reached XP level 8. HP: 65/87 MP: 16/16
  5677 | D:5      | Reached skill level 5 in Maces & Flails
  5702 | D:5      | Found an ancient bone altar of Kikubaaqudgha.
  6137 | D:6      | Found a staircase to the Ecumenical Temple.
  6146 | Temple   | Entered the Ecumenical Temple
  7434 | D:6      | Paralysed by a giant eyeball for 2 turns
  7437 | D:6      | Paralysed by a giant eyeball for 4 turns
  7505 | D:6      | Reached skill level 8 in Maces & Flails
  7706 | D:5      | Killed Blork the orc
  7706 | D:5      | Reached skill level 9 in Maces & Flails
  7798 | D:6      | Reached XP level 9. HP: 86/93 MP: 17/17
  8045 | D:7      | Reached skill level 10 in Maces & Flails
  8921 | D:7      | Found a snail-covered altar of Cheibriados.
  8945 | D:7      | Became a worshipper of Cheibriados the Contemplative
  9187 | D:7      | Reached skill level 11 in Maces & Flails
  9727 | D:5      | Fell from the grace of Cheibriados
  9727 | D:5      | Became a worshipper of Warmaster Okawaru
 10032 | D:8      | Reached skill level 12 in Maces & Flails
 10508 | D:8      | Noticed Grum
 10522 | D:8      | Slain by Grum

Action                   |  1- 3 |  4- 6 |  7- 9 || total
-------------------------+-------+-------+-------++-------
Melee: Spear             |   113 |    66 |    81 ||   260
       Dagger            |       |    43 |       ||    43
       Giant club        |       |       |    19 ||    19
       Giant spiked club |       |       |   238 ||   238
Throw: Stone             |    76 |    45 |    92 ||   213
       Large rock        |       |     9 |    19 ||    28
       Throwing net      |       |       |     1 ||     1
 Cast: Slow              |       |     2 |     3 ||     5
       Corona            |       |       |     1 ||     1
Evoke: Wand              |     1 |     1 |     1 ||     3
  Use: Potion            |       |     2 |     3 ||     5
       Scroll            |       |       |    16 ||    16
